 Dungeon Crawl Stone Soup version 0.27.1-33-g824d729ab1 (webtiles) character file.

Game seed: 17853886853900803599

39 Urokeeper the Vexing (level 3, 0/24 HPs)
             Began as a Vampire Enchanter on Dec 21, 2021.
             Succumbed to an adder's poison
             ... on level 2 of the Dungeon.
             The game lasted 00:02:33 (755 turns).

Urokeeper the Vexing (Vampire Enchanter)             Turns: 755, Time: 00:02:33

Health: 0/24       AC:  3    Str:  7    XL:     3   Next: 28%
Magic:  0/6        EV: 12    Int: 17    God:
Gold:   22         SH:  0    Dex: 15    Spells: 3/6 levels left

rFire    . . .     SeeInvis +   a - +1 dagger
rCold    . . .     Faith    .   (no shield)
rNeg     . . .     Spirit   .   b - +0 robe
rPois    .         Reflect  .   (no helmet)
rElec    .         Harm     .   g - +0 cloak
rCorr    .         Rampage  .   (no gloves)
Will     .....                  (no boots)
Stlth    +++.......             (no amulet)
HPRegen  0.28/turn              (no ring)
MPRegen  0.10/turn              (no ring)

@: lethally poisoned (0 -> -5), healing quickly, hasted, very quick
A: alive, fangs 3, see invisible, vampiric 2
a: Exsanguinate


You were on level 2 of the Dungeon.
You visited 1 branch of the dungeon, and saw 2 of its levels.

You collected 22 gold pieces.

Inventory:

Hand Weapons
 a - a +1 dagger (weapon)
Missiles
 e - 11 poisoned darts
Armour
 b - a +0 robe (worn)
 g - a +0 cloak (worn)
Scrolls
 c - a scroll of acquirement {unknown}
 d - a scroll of fear {unknown}


   Skills:
 + Level 3.6 Short Blades
 - Level 2.1 Dodging
 - Level 4.4 Stealth
 - Level 2.0 Spellcasting
 - Level 4.4 Hexes


You had 3 spell levels left.
You knew the following spells:

 Your Spells              Type           Power      Damage    Failure   Level
a - Corona                Hex            17%        N/A       3%          1
b - Ensorcelled Hibernat  Hex/Ice        18%        N/A       12%         2

Your spell library contained the following spells:

 Spells                   Type           Power      Damage    Failure   Level
 Confusing Touch          Hex            16%        N/A       10%         3
 Tukima's Dance           Hex            16%        N/A       10%         3
 Dazzling Flash           Conj/Hex       18%        N/A       24%         3
 Iskenderun's Mystic Bla  Conj/Tloc      1%         2d3       88%         4
 Starburst                Conj/Fire      0%         6d3       100%        6


Dungeon Overview and Level Annotations

Branches:
Dungeon (2/15)

Altars:
Cheibriados


Innate Abilities, Weirdness & Mutations

Your natural rate of healing is accelerated.
You have razor-sharp teeth.
You have supernaturally acute eyesight. (SInv)
You are afflicted with vampirism and can become a bat while bloodless.


Message History

Press: ? - help, Shift-Dir - straight line, f/p - adder
Aim: an adder (chance to affect: 50%)
The adder resists with some effort.
The adder bites you.
Casting: Ensorcelled Hibernation (safe; 12% risk of failure)
Confirm with . or Enter, or press ? or * to list all spells.
Aiming: Ensorcelled Hibernation (safe; 12% risk of failure)
Press: ? - help, Shift-Dir - straight line, f/p - adder
Aim: an adder (chance to affect: 50%)
The adder resists with some effort.
The adder bites you but does no damage. The adder bites you.
You are poisoned.
The adder poisons you!
Okay, then.
It was a potion of haste.
You feel yourself speed up.
You feel sick.
The kobold throws a stone.
The stone closely misses you. The adder bites you.
A quokka comes into view.
You barely miss the adder. You closely miss the adder.
You feel sick. The adder bites you.
* * * LOW HITPOINT WARNING * * *
You barely miss the adder. The adder barely misses you.
A hobgoblin comes into view.
You hit the adder.
The adder is moderately wounded.
You feel sick. The kobold hits you with a +0 whip.
* * * LOW HITPOINT WARNING * * *
The adder bites you.
* * * LOW HITPOINT WARNING * * *
You are lethally poisoned!
The adder poisons you!
You hit the adder. Your bite misses the adder.
The adder is heavily wounded.
* * * LOW HITPOINT WARNING * * *
You feel sick. The kobold completely misses you.
You hit the adder.
The adder is severely wounded.
* * * LOW HITPOINT WARNING * * *
You feel sick. The adder barely misses you.
You closely miss the adder.
The adder is severely wounded.
You die...

.######....... .............
#........... #.......... ..
#.........##.#
#............#.
#.............. #.##.#...g.
# #. #.#@K.......
#.#.#####.S.........
.#>.....##..#....r...
...#.#.....#........ #
#......<..##.......
#.###..............##.
#.#...........######
##.........##......##
###....###..####.###..####..


You could see an adder, a quokka, a hobgoblin and a kobold.

Vanquished Creatures
  A gnoll (D:1)
  An adder (D:2)
  2 ball pythons
  An endoplasm (D:2)
  2 giant cockroaches (D:2)
  A goblin (D:1)
  4 hobgoblins
  3 bats
  A frilled lizard (D:1)
  2 kobolds
  2 rats (D:1)
20 creatures vanquished.

Vanquished Creatures (others)
  5 toadstools (D:1)
5 creatures vanquished.

Grand Total: 25 creatures vanquished

Notes
Turn   | Place    | Note
-------+----------+-------------------------------------------
     0 | D:1      | Urokeeper the Vampire Enchanter began the quest for the
                  | Orb.
     0 | D:1      | Reached XP level 1. HP: 13/13 MP: 3/3
   259 | D:1      | Reached XP level 2. HP: 19/19 MP: 5/5
   295 | D:1      | Found a faded altar of an unknown god.
   449 | D:1      | You fall into a shaft and drop 1 floor!
   454 | D:2      | Found a snail-covered altar of Cheibriados.
   491 | D:2      | Learned a level 2 spell: Ensorcelled Hibernation
   554 | D:2      | Gained mutation: You are afflicted with vampirism and can
                  | become a bat while bloodless. [Vampire growth]
   554 | D:2      | Reached XP level 3. HP: 24/24 MP: 0/6
   754 | D:2      | HP: 1/24 [poisoned by an adder]
   755 | D:2      | Succumbed to an adder's poison

Illustrated notes

Levels and vault maps discovered:
D:1:      ldierk_walled_garden, layout_rooms,
          shapermc_ecumenical_altar_starsandcircs
D:2:      layout_rooms, basic_altar

Skill      XL: |  1  2 |
---------------+-------+-----
Short Blades   | 2 3 |  3.6
Dodging        | |  2.1
Stealth        | |  4.4
Spellcasting   | |  2.0
Hexes          | |  4.4

Action                   || total
-------------------------++-------
Melee: Dagger            ||    72
       Bite              ||     3
 Cast: Ensorcelled Hiber ||    10
  Use: Potion            ||     1
 Stab: Sleeping          ||    10
Armor: Robe              ||    15
Dodge: Dodged            ||    33
